 Dungeon Crawl Stone Soup version 0.29.0-11-gd7f09526c8 (webtiles) character file.

Game seed: 15926151672800924489

151 magipi the Chopper (level 5, -10/32 HPs)
             Began as a Gargoyle Fighter on Sept 6, 2022.
             Killed by divine providence
             ... invoked by an orc priest
              (12 damage)
             ... on level 3 of the Dungeon.
             The game lasted 00:07:10 (1572 turns).

magipi the Chopper (Gargoyle Fighter)               Turns: 1572, Time: 00:07:11

Health: -10/32     AC: 16    Str: 19    XL:     5   Next: 33%
Magic:  0/5        EV:  5    Int:  9    God:
Gold:   157        SH:  4    Dex: 11    Spells: 4/4 levels left

rFire   . . .      SeeInvis .   a - +0 war axe
rCold   . . .      Faith    .   c - +0 buckler
rNeg    + + .      Spirit   +   e - +0 plate armour
rPois   ∞          Reflect  .   (no helmet)
rElec   +          Harm     .   (no cloak)
rCorr   .          Rampage  .   o - +0 pair of gloves
Will    .....                   (no boots)
Stlth   ..........              r - amulet of guardian spirit
HPRegen 0.10/turn               n - ring of positive energy
MPRegen 0.09/turn               (no ring)

@: no status effects
A: sickness immunity, AC +4, negative energy resistance 1, electricity
resistance, torment resistance 1, petrification resistance
a: no special abilities


You were on level 3 of the Dungeon.
You visited 1 branch of the dungeon, and saw 3 of its levels.

You collected 157 gold pieces.

Inventory:

Hand Weapons
 a - a +0 war axe (weapon)
Armour
 c - a +0 buckler (worn)
 e - a +0 plate armour (worn)
 o - a +0 pair of gloves (worn)
Jewellery
 n - a ring of positive energy (left hand)
 r - an amulet of guardian spirit (around neck)
 u - a ring of protection from fire
Scrolls
 b - 2 scrolls of magic mapping {unknown}
 g - a scroll of enchant weapon {unknown}
 i - a scroll of brand weapon {unknown}
 k - 3 scrolls of identify {unknown}
 m - 3 scrolls of enchant armour {unknown}
 p - a scroll of teleportation {unknown}
 s - a scroll of torment {unknown}
 x - a scroll of silence {unknown}
Potions
 d - a potion of might
 f - 3 potions of flight {unknown}
 h - a potion of heal wounds {unknown}
 j - 2 potions of brilliance {unknown}
 l - 2 potions of attraction {unknown}
 q - a potion of haste {unknown}
 t - a potion of curing {unknown}
 v - a potion of invisibility {unknown}
 w - a potion of berserk rage {unknown}


   Skills:
 - Level 3.2 Fighting
 * Level 4.9 Axes
 - Level 3.2 Armour
 - Level 3.2 Shields


You had 4 spell levels left.
You didn't know any spells.
Your spell library contained the following spells:

 Spells                   Type           Power      Damage    Failure   Level
 Foxfire                  Conj/Fire      0%         2x1d4     100%        1
 Scorch                   Fire           0%         2d5       100%        2
 Conjure Flame            Conj/Fire      0%         6-21      100%        3
 Inner Flame              Hex/Fire       0%         N/A       100%        3
 Summon Guardian Golem    Hex/Summ       0%         N/A       100%        3
 Flame Wave               Conj/Fire      0%         2d4       100%        4
 Olgreb's Toxic Radiance  Pois           0%         N/A       100%        4
 Eringya's Noxious Bog    Tmut/Pois      0%         N/A       100%        6
 Summon Cactus Giant      Summ           0%         N/A       100%        6


Dungeon Overview and Level Annotations

Branches:
Dungeon (3/15)

Altars:

Shops:
D:2 =

Annotations:
D:2 dig


Innate Abilities, Weirdness & Mutations

You are immune to sickness and miasma.
Your stone body is resilient. (AC +4)
You are immune to poison.
You resist negative energy. (rN+)
You are resistant to electric shocks. (rElec)
You are resistant to unholy torment.
You are immune to petrification.


Message History

The orc hits you but does no damage.
The hobgoblin hits you but does no damage.
You closely miss the hobgoblin.
The hobgoblin is severely wounded.
You hit the orc. x2; The orc hits you with a +0 dagger.
The hobgoblin closely misses you. The orc hits you but does no damage.
Unknown command.
You hit the orc.
The orc is severely wounded.
You barely miss the hobgoblin. You hit the orc.
The hobgoblin hits you but does no damage.
You block the orc's attack. The orc hits you but does no damage.
The orc priest mumbles some strange prayers to Beogh against you.
Beogh smites you!
The hobgoblin hits you but does no damage.
The orc hits you but does no damage. The orc hits you with a +0 falchion.
You are too injured to fight recklessly!
Unknown command.
You are too injured to fight recklessly!
Unknown command.
You barely miss the orc.
The orc is severely wounded.
You closely miss the orc. You closely miss the hobgoblin.
You hit the orc but do no damage. You block the hobgoblin's attack.
The orc barely misses you. The orc hits you but does no damage.
The orc barely misses you.
Unknown command.
You hit the orc.
You kill the orc!
You barely miss the hobgoblin. You slash the orc!
You kill the orc!
You hit the orc but do no damage. You block the hobgoblin's attack.
The orc hits you but does no damage.
The orc priest mumbles some strange prayers to Beogh against you.
Beogh smites you!
* * * LOW HITPOINT WARNING * * *
The orc attacks as you move away! The orc hits you but does no damage.
The orc priest mumbles some strange prayers to Beogh against you.
Beogh smites you!
You die...

####### #.[...#
#.###.# #.###.#######
#########...........#
.......#######.###.##
#.........# #.#
#og.......# #.#
#@).......# #.#
#....o........# #.#
...............####.#
.#..................#
#..............#####
#......#+#####.#
#......#.#####.#
......##.......#####
..............#


You could see an orc priest, an orc and a hobgoblin.

Vanquished Creatures
  A scorpion (D:3)
  A hound (D:3)
  An adder (D:2)
  4 orcs (D:3)
  2 endoplasms (D:1)
  A giant cockroach (D:1)
  3 goblins (D:1)
  10 hobgoblins
  2 quokkas (D:1)
  7 ball pythons
  4 bats
  5 frilled lizards
  5 kobolds
  7 rats
53 creatures vanquished.

Vanquished Creatures (others)
  A fungus (D:1)
  2 plants (D:1)
3 creatures vanquished.

Grand Total: 56 creatures vanquished

Notes
Turn   | Place    | Note
-------+----------+-------------------------------------------
     0 | D:1      | magipi the Gargoyle Fighter began the quest for the Orb.
     0 | D:1      | Reached XP level 1. HP: 14/14 MP: 1/1
    75 | D:1      | Reached skill level 2 in Axes
    94 | D:1      | Found a faded altar of an unknown god.
   265 | D:1      | Reached XP level 2. HP: 19/19 MP: 2/2
   532 | D:1      | Reached skill level 3 in Axes
   585 | D:1      | Reached XP level 3. HP: 23/23 MP: 3/3
   636 | D:2      | Found Gunuicomn's Jewellery Emporium.
  1213 | D:3      | Reached skill level 4 in Axes
  1213 | D:3      | Reached XP level 4. HP: 20/28 MP: 1/4
  1237 | D:3      | Got Jiomiyleys's Atlas of Tainted Adjuration
  1474 | D:3      | Noticed a scorpion
  1481 | D:3      | Killed a scorpion
  1482 | D:3      | Reached XP level 5. HP: 27/32 MP: 3/5
  1572 | D:3      | Killed from afar by an orc priest

Illustrated notes

Levels and vault maps discovered:
D:1:      minmay_arrival_doors, layout_basic, shapermc_ecumenical_altar_gd
D:2:      layout_loops_cross, serial_shops, nicolae_shop_advertising_works
          [nicolae_subvault_shop_adworks], serial_glass, glass_columns_c,
          glass_columns_a, due_unseen_surprise, kennysheep_generic_room_16
D:3:      layout_basic, minmay_quadrilaterals, uniq_ijyb

Skill      XL: |  1  2  3 |
---------------+----------+-----
Axes           | 2 3 4 |  4.9
Fighting       | |  3.2
Armour         | |  3.2
Shields        | |  3.2

Action                   |  1- 3 |  4- 6 || total
-------------------------+-------+-------++-------
Melee: War axe           |   114 |    34 ||   148
Armor: Plate armour      |    74 |    21 ||    95
       Scale mail        |     2 |       ||     2
Dodge: Dodged            |    44 |    16 ||    60
Block: Buckler           |    42 |    12 ||    54
